AoeStats
← NuMa | JuanMan

Arabia

505266169Analyzed
1v1 RM · 25d ago on Sep 8, 2026· 35m 1s· 2 players
Game mode
Random Map
Map size
Tiny (2 player)
Population
200
Speed
Normal
Resources
Standard
Victory
Conquest
Starting age
Dark Age
Ending age
Imperial Age
RankedLock teamsTeams togetherTeam positionsShared explorationLock speedFull tech treeHidden civsTurbo modeCheats
Victory
Defeat
🇨🇴 Romans · Colombia
1549
+15
🇻🇪 Britons · Venezuela
1522
-15
Ah Bueno
5:53 Loom
8:53 Feudal Age
9:21 Double-Bit Axe
16:37 Fletching
23:20 Castle Age
21:32 Horse Collar
22:28 Padded Archer Armor
23:23 Crossbowman
26:07 Bodkin Arrow
30:14 Heavy Plow
31:08 Bow Saw
NuMa | JuanMan
6:27 Loom
9:09 Feudal Age
9:17 Man-at-Arms
10:12 Double-Bit Axe
10:45 Scale Mail Armor
14:17 Padded Archer Armor
15:59 Horse Collar
22:17 Castle Age
20:48 Gold Mining
21:19 Forging
21:21 Fletching
22:26 Long Swordsman
23:22 Chain Mail Armor
22:44 Elite Skirmisher
24:53 Bodkin Arrow
26:01 Iron Casting
28:51 Bow Saw
29:20 Heavy Plow
30:05 Ballistics
30:56 Squires
Connection lost

Rejoining the realm…

Still unreachable

The connection could not be restored.

Session expired

The server has moved on; the page needs a fresh start.